 Dungeon Crawl Stone Soup version 0.28.0 (webtiles) character file.

Game seed: 8251242401397660880

1 croobank the Sneak (level 1, 0/16 HPs)
             Began as an Octopode Delver on Feb 14, 2022.
             Slain by a centaur skeleton (2 damage)
             ... on level 4 of the Dungeon.
             The game lasted 00:01:44 (179 turns).

croobank the Sneak (Octopode Delver)                 Turns: 179, Time: 00:01:45

Health: 0/16       AC:  1    Str: 11    XL:     1   Next: 20%
Magic:  1/1        EV: 13    Int: 12    God:
Gold:   0          SH:  0    Dex: 13    Spells: 0/0 levels left

rFire   . . .      SeeInvis .   a - +0 hand axe
rCold   . . .      Faith    .   (no shield)
rNeg    . . .      Spirit   .   (helmet restricted)
rPois   .          Reflect  .   (no amulet)
rElec   .          Harm     .   (no ring)
rCorr   .          Rampage  .   (no ring)
Will    .....                   (no ring)
Stlth   ++++......              (no ring)
HPRegen 0.05/turn               (no ring)
MPRegen 0.07/turn               (no ring)
                                (no ring)
                                (no ring)

@: no status effects
A: almost no armour, amphibious, 8 rings, camouflage 1, gelatinous body 1,
(nimble swimmer 1), tentacles
a: no special abilities


You were on level 4 of the Dungeon.
You visited 1 branch of the dungeon, and saw 2 of its levels.

Inventory:

Hand Weapons
 a - a +0 hand axe (weapon)
Wands
 f - a wand of digging (3)
 g - a wand of acid (1)
Scrolls
 b - a scroll of fog
 c - a scroll of blinking {unknown}


   Skills:
 + Level 3.0 Fighting
 + Level 2.0 Axes
 + Level 2.0 Dodging
 + Level 6.6 Stealth


You couldn't memorise any spells.
You didn't know any spells.
Your spell library was empty.

Dungeon Overview and Level Annotations

Branches:
Dungeon (5/15)             Temple (0/1) D:5

Altars:
Cheibriados

Annotations:
D:5 Eustachio, Sigmund


Innate Abilities, Weirdness & Mutations

You cannot wear most types of armour.
You are amphibious.
You can wear up to eight rings at the same time.
Your skin changes colour to match your surroundings (Stealth+).
Your rubbery body absorbs attacks. (AC +1, EV +1)
((You are camouflaged when in or above water. (Stealth+)))
You have tentacles for arms and can constrict up to eight enemies at once.


Message History

There is a stone staircase leading down here.
You see here a +0 spear.
c - a scroll labelled IFUKLOL KOSTROE HP restored.
You open the door.
A centaur skeleton comes into view.
There is an open door here.
A goblin comes into view. It is wielding a +0 dagger.
The goblin shouts!
You closely miss the goblin. You grab the goblin. You squeeze the goblin.
You kill the goblin!
Found 3 atropa-tipped darts.
You hit the centaur skeleton.
The centaur skeleton is lightly damaged.
The centaur skeleton hits you. The centaur skeleton kicks you.
You slash the centaur skeleton!
The centaur skeleton is moderately damaged.
The centaur skeleton hits you.
The centaur skeleton kicks you but does no damage.
The centaur skeleton completely misses you.
The centaur skeleton barely misses you.
You hit the centaur skeleton.
The centaur skeleton is moderately damaged.
The centaur skeleton hits you but does no damage.
The centaur skeleton kicks you. The centaur skeleton hits you.
* * * LOW HITPOINT WARNING * * *
The centaur skeleton kicks you.
* * * LOW HITPOINT WARNING * * *
Aiming: Corrosive Bolt
Press: ? - help, Shift-Dir - straight line, f - centaur skeleton
Aim: a centaur skeleton (moderately damaged, 100% to hit)
The bolt of acid hits the centaur skeleton!
The centaur skeleton is severely damaged.
The centaur skeleton hits you.
* * * LOW HITPOINT WARNING * * *
The centaur skeleton closely misses you.
You hit the centaur skeleton.
The centaur skeleton is severely damaged.
The centaur skeleton barely misses you. The centaur skeleton kicks you.
You die...

########
+......#
#......#
#......+
#......#
#.@....######
#.Z.........#
#...........#
#......##...#
#......##...####
#.......+......#
##.....##...)..#
#.....##...#..#
.......##...####


You could see a centaur skeleton.

Vanquished Creatures
  A goblin (D:4)
1 creature vanquished.

Notes
Turn   | Place    | Note
-------+----------+-------------------------------------------
     0 | D:5      | croobank the Octopode Delver began the quest for the Orb.
     0 | D:5      | Reached XP level 1. HP: 16/16 MP: 1/1
    10 | D:5      | Noticed a sky beast
    25 | D:5      | Noticed Sigmund
    39 | D:5      | Noticed a jelly
    79 | D:5      | Found a snail-covered altar of Cheibriados.
    82 | D:5      | Noticed a hound
    83 | D:5      | Noticed Eustachio
   179 | D:4      | Slain by a centaur skeleton

Illustrated notes

Levels and vault maps discovered:
D:4:      layout_gridville, guppyfry_shop_venom
D:5:      layout_basic, gammafunk_temple_overflow_pools,
          mainiacjoe_overflow_small_starburst, minmay_temple_entry_glass,
          portal_sewer_entry_b, minmay_manual_mess, uniq_sigmund, uniq_ijyb,
          uniq_eustachio

Action                   || total
-------------------------++-------
Melee: Hand axe          ||     5
       Constrict         ||     1
       Tentacles         ||     1
Evoke: Wand              ||     1
  Use: Scroll            ||     2
       Potion            ||     1
Armor: Skin              ||     2
Dodge: Dodged            ||     8
